[Event "European Womens-ch 2025"]
[Site "Rhodes"]
[Date "2025.04.10"]
[Round "10.1"]
[White "Bulmaga, Irina"]
[Black "Injac, Teodora"]
[Result "0-1"]
[Annotator "RC"]
[ECO "C65"]
[WhiteElo "2362"]
[BlackElo "2454"]
[PlyCount "120"]
[EventDate "2025.03.29"]
[EventType "swiss"]
[EventCountry "GRE"]
[SourceTitle "playchess.com"]
[Source "ChessBase"]
[SourceQuality "1"]
[TimeControl "40/5400+30:1800+30"]

1. e4 e5 2. Nf3 Nc6 3. Bb5 Nf6 4. d3 Bc5 5. Bxc6 dxc6 6. Nbd2 Nd7 7. Nc4 O-O 8. Qe2 Re8 9. h4 b5 10. Ne3 Nf8 11. Bd2 a5 12. Rg1 Bxe3 13. Qxe3 Qd6 14. g4 c5 15. h5 Ne6 16. Nh4 Nd4 17. O-O-O b4 18. Nf5 Qd7 19. Kb1 Ra6 20. c4 bxc3 21. Bxc3 Rb6 22. Rc1 Ba6 23. Rgd1 Reb8 24. Rd2 a4 25. Bxd4 cxd4 26. Qe2 Qd8 27. Rc5 g6 28. Rd5 Qf6 29. Ng3 c6 30. Rc5 Qd6 31. Rc1 Bc8 32. hxg6 fxg6 33. Ka1 Be6 34. Qd1 Qb4 35. a3 Qa5 36. Nf1 Bb3 37. Qe1 Qb5 38. Qe2 Bf7 39. Qd1 Bb3 40. Qe2 Bf7 41. Qd1 Qa5 42. g5 Qa7 43. Nh2 Qe7 44. Qxa4 Qxg5 45. Qd1 Qe7 46. Qa4 Qe6 47. b4 Qe7 48. Rdc2 Qb7 49. Rxc6 Rxc6 50. Rxc6 Ra8 51. Rb6 Qc8 52. Rc6 Qe8 53. Qc2 Rxa3+ 54. Kb1 Kg7 55. Qc5 Rb3+ 56. Kc2 Rc3+ 57. Qxc3 dxc3 58. b5 Qe7 59. Nf3 Qb4 60. Rxc3 Qxb5 0-1

[Event "European Womens-ch 2025"]
[Site "Rhodes"]
[Date "2025.04.10"]
[Round "10.2"]
[White "Javakhishvili, Lela"]
[Black "Daulyte-Cornette, Deimante"]
[Result "1/2-1/2"]
[Annotator "RC"]
[ECO "A30"]
[WhiteElo "2429"]
[BlackElo "2389"]
[PlyCount "60"]
[EventDate "2025.03.29"]
[EventType "swiss"]
[EventCountry "GRE"]
[SourceTitle "playchess.com"]
[Source "ChessBase"]
[SourceQuality "1"]
[TimeControl "40/5400+30:1800+30"]

1. Nf3 c5 2. c4 Nf6 3. g3 d5 4. cxd5 Nxd5 5. Bg2 Nc6 6. d4 cxd4 7. Nxd4 Ndb4 8. Nxc6 Qxd1+ 9. Kxd1 Nxc6 10. Bxc6+ bxc6 11. Be3 e5 12. Nd2 Be6 13. Rc1 Bxa2 14. b3 Bb4 15. Bc5 Bxd2 16. Kxd2 Bxb3 17. Kc3 Ba4 18. f4 e4 19. Rb1 Bb5 20. Rb4 O-O-O 21. Bxa7 Kb7 22. Be3 Rhe8 23. Ra1 Ra8 24. Rxa8 Kxa8 25. Rb2 Kb7 26. Bd4 g6 27. Ra2 Ba6 28. e3 Rd8 29. Ra5 Rd5 30. Rxd5 cxd5 1/2-1/2

[Event "European Womens-ch 2025"]
[Site "Rhodes"]
[Date "2025.04.10"]
[Round "10.3"]
[White "Mkrtchian, Lilit"]
[Black "Ushenina, Anna"]
[Result "1/2-1/2"]
[Annotator "RC"]
[ECO "A29"]
[WhiteElo "2388"]
[BlackElo "2428"]
[PlyCount "20"]
[EventDate "2025.03.29"]
[EventType "swiss"]
[EventCountry "GRE"]
[SourceTitle "playchess.com"]
[Source "ChessBase"]
[SourceQuality "1"]
[TimeControl "40/5400+30:1800+30"]

1. c4 e5 2. g3 Nf6 3. Bg2 d5 4. cxd5 Nxd5 5. Nc3 Nb6 6. Nf3 Nc6 7. a3 Be7 8. b4 O-O 9. O-O Re8 10. d3 Bf8 1/2-1/2

[Event "European Womens-ch 2025"]
[Site "Rhodes"]
[Date "2025.04.10"]
[Round "10.4"]
[White "Danielian, Elina"]
[Black "Narva, Mai"]
[Result "0-1"]
[Annotator "RC"]
[ECO "E67"]
[WhiteElo "2398"]
[BlackElo "2380"]
[PlyCount "88"]
[EventDate "2025.03.29"]
[EventType "swiss"]
[EventCountry "GRE"]
[SourceTitle "playchess.com"]
[Source "ChessBase"]
[SourceQuality "1"]
[TimeControl "40/5400+30:1800+30"]

1. d4 Nf6 2. Nf3 g6 3. c4 Bg7 4. g3 O-O 5. Bg2 d6 6. Nc3 c6 7. O-O Nbd7 8. h3 e5 9. dxe5 Nxe5 10. Qb3 Nfd7 11. Ne4 Qe7 12. Bg5 f6 13. Bf4 Nf7 14. Nc3 g5 15. Be3 f5 16. Rad1 Kh8 17. Qc2 Nde5 18. b3 f4 19. Bc1 g4 20. Nxe5 Nxe5 21. Bxf4 gxh3 22. Be4 Be6 23. Kh1 Rad8 24. Qc1 Ng4 25. Bf3 Ne5 26. Bg5 Bf6 27. Ne4 Bxg5 28. Qxg5 Qxg5 29. Nxg5 Bf5 30. Be4 Bxe4+ 31. Nxe4 Ng4 32. Rxd6 Rxd6 33. Nxd6 Ne3 34. Re1 Rxf2 35. Ne4 Rg2 36. Ng5 Ng4 37. Ne4 Rh2+ 38. Kg1 Rg2+ 39. Kh1 Kg7 40. c5 Kg6 41. Rf1 Rxe2 42. Nd6 Rh2+ 43. Kg1 Rg2+ 44. Kh1 Nf2+ 0-1

[Event "European Womens-ch 2025"]
[Site "Rhodes"]
[Date "2025.04.10"]
[Round "10.5"]
[White "Maltsevskaya, Aleksandra"]
[Black "Arabidze, Meri"]
[Result "1-0"]
[Annotator "RC"]
[ECO "C54"]
[WhiteElo "2376"]
[BlackElo "2447"]
[PlyCount "71"]
[EventDate "2025.03.29"]
[EventType "swiss"]
[EventCountry "GRE"]
[SourceTitle "playchess.com"]
[Source "ChessBase"]
[SourceQuality "1"]
[TimeControl "40/5400+30:1800+30"]

1. e4 e5 2. Bc4 Nc6 3. d3 Nf6 4. Nf3 Bc5 5. Nbd2 d6 6. c3 a6 7. a4 Ba7 8. a5 O-O 9. Nf1 Ne7 10. Ng3 Ng6 11. O-O c6 12. Bb3 Re8 13. Ng5 d5 14. Nh5 h6 15. Nh3 Be6 16. Kh1 Nxh5 17. Qxh5 Qd7 18. exd5 Bxd5 19. Bxd5 Qxd5 20. Be3 Bxe3 21. fxe3 Qxd3 22. Rad1 Qc4 23. Nf2 Rad8 24. h3 Rd5 25. e4 Nf4 26. Qf3 Rdd8 27. Ng4 f6 28. g3 Ne6 29. b3 Qxb3 30. Rb1 Qc2 31. Rxb7 Rf8 32. Nxh6+ Kh8 33. Nf5 g6 34. Qg4 Ng5 35. Qh4+ Kg8 36. Rg7# 1-0

[Event "European Womens-ch 2025"]
[Site "Rhodes"]
[Date "2025.04.10"]
[Round "10.6"]
[White "Tsolakidou, Stavroula"]
[Black "Savina, Anastasia"]
[Result "1-0"]
[Annotator "RC"]
[ECO "C45"]
[WhiteElo "2445"]
[BlackElo "2331"]
[PlyCount "169"]
[EventDate "2025.03.29"]
[EventType "swiss"]
[EventCountry "GRE"]
[SourceTitle "playchess.com"]
[Source "ChessBase"]
[SourceQuality "1"]
[TimeControl "40/5400+30:1800+30"]

1. e4 e5 2. Nf3 Nc6 3. d4 exd4 4. Nxd4 Bc5 5. Nb3 Bb4+ 6. c3 Be7 7. f4 d6 8. c4 Nh6 9. Nc3 O-O 10. Be2 Bh4+ 11. g3 Bf6 12. O-O Bxc3 13. bxc3 f5 14. exf5 Nxf5 15. Qd3 Qf6 16. Bd2 Nh6 17. Bf3 Bh3 18. Qd5+ Kh8 19. Rfe1 Ne5 20. Bh1 c6 21. Qd4 Nd7 22. Qxf6 gxf6 23. Na5 Nb6 24. Be3 Nf5 25. Bf2 Rfe8 26. Nxb7 Nxc4 27. Bxc6 Rec8 28. Bh1 a5 29. a4 Rab8 30. Rab1 Nd2 31. Rb2 Nc4 32. Rb5 Re8 33. Rxe8+ Rxe8 34. Nxa5 Nd2 35. Rb2 Ne4 36. Re2 d5 37. Bxe4 dxe4 38. Nc4 Bg4 39. Re1 Rc8 40. Nd2 e3 41. Bxe3 Rxc3 42. Bf2 Ra3 43. Re4 Ra2 44. Be1 Bd1 45. Re6 Kg7 46. a5 Rxa5 47. Rxf6 Kxf6 48. Ne4+ Kg6 49. Bxa5 h5 50. Kf2 Bg4 51. Bc3 Bd1 52. Nf6 Ba4 53. h3 Bc6 54. g4 hxg4 55. hxg4 Nd6 56. Ke3 Nc4+ 57. Ke2 Nd6 58. Kd3 Ne8 59. Ne4 Bd7 60. Nf2 Nd6 61. Bb4 Ne8 62. Be7 Kf7 63. Bh4 Kg6 64. Ke4 Nd6+ 65. Kf3 Bc6+ 66. Ke3 Bd7 67. Be7 Nf7 68. Bf8 Nd8 69. Ke4 Bc6+ 70. Ke5 Kf7 71. Ba3 Ne6 72. f5 Ng7 73. Kf4 Bd7 74. Nd3 Kg8 75. Bb2 Bb5 76. Nc5 Ne8 77. Be5 Bc4 78. g5 Ba2 79. g6 Bb1 80. Kg5 Ba2 81. f6 Bc4 82. Kf5 Ng7+ 83. fxg7 Bd3+ 84. Kg5 Bf5 85. Kh6 1-0

[Event "European Womens-ch 2025"]
[Site "Rhodes"]
[Date "2025.04.10"]
[Round "10.7"]
[White "Toncheva, Nadya"]
[Black "Khotenashvili, Bella"]
[Result "1/2-1/2"]
[Annotator "RC"]
[ECO "D35"]
[WhiteElo "2329"]
[BlackElo "2418"]
[PlyCount "195"]
[EventDate "2025.03.29"]
[EventType "swiss"]
[EventCountry "GRE"]
[SourceTitle "playchess.com"]
[Source "ChessBase"]
[SourceQuality "1"]
[TimeControl "40/5400+30:1800+30"]

1. d4 Nf6 2. c4 e6 3. Nc3 d5 4. cxd5 exd5 5. Bg5 Bb4 6. e3 h6 7. Bh4 g5 8. Bg3 h5 9. f3 h4 10. Bf2 c5 11. Bd3 c4 12. Bc2 Nc6 13. Nge2 Be6 14. h3 Nh5 15. e4 Nf4 16. Nxf4 gxf4 17. exd5 Bxd5 18. Qe2+ Kf8 19. O-O-O Bxc3 20. bxc3 Qa5 21. Kb2 Nb4 22. Ra1 Re8 23. Qd2 Nd3+ 24. Bxd3 cxd3 25. Rhe1 Rxe1 26. Bxe1 Rh6 27. a4 Qb6+ 28. Kc1 Re6 29. Rb1 Qd6 30. Kd1 Bc4 31. Qb2 Rxe1+ 32. Kxe1 Qe6+ 33. Kf1 d2+ 34. Kg1 Qe1+ 35. Kh2 Qg3+ 36. Kg1 Qe1+ 37. Kh2 Bd3 38. Ra1 Qg3+ 39. Kg1 Qe1+ 40. Kh2 Bf1 41. Kg1 a5 42. Qb6 Bd3+ 43. Rxe1 dxe1=Q+ 44. Kh2 Qxc3 45. Qxb7 Qb4 46. Qc8+ Kg7 47. d5 Kf6 48. d6 Qxd6 49. Qc3+ Kg6 50. Qxa5 Qd4 51. Qa8 Kg7 52. Qc8 Kh7 53. a5 Qf6 54. Qd7 Bc4 55. Qc7 Bf1 56. Kg1 Ba6 57. Kh2 Kg7 58. Qc5 Kg6 59. Qf8 Bc4 60. Qg8+ Kh6 61. Qf8+ Kh7 62. Qc5 Bd3 63. Qh5+ Kg7 64. Qc5 Be2 65. Qd5 Kh6 66. Qc5 Bd3 67. Qf8+ Kg6 68. Qg8+ Qg7 69. Qd8 Bf1 70. Qxh4 f5 71. Qxf4 Qf6 72. Kg1 Ba6 73. Kh2 Qe6 74. Qd4 Qe2 75. Qd6+ Kf7 76. h4 Qc4 77. Kg3 Bc8 78. Qe5 Kg6 79. Qe8+ Kf6 80. Qd8+ Kf7 81. h5 Qc3 82. Qd5+ Kg7 83. Kh2 Qc7+ 84. Kg1 Kh6 85. Qg8 Kxh5 86. Qh8+ Kg6 87. Qg8+ Kf6 88. Qf8+ Ke5 89. Qa3 Qc6 90. Qe3+ Kd6 91. g4 fxg4 92. fxg4 Qd5 93. Qh6+ Kd7 94. Qg7+ Kc6 95. Qc3+ Kd7 96. Qg7+ Kc6 97. Qc3+ Kd7 98. Qg7+ 1/2-1/2

[Event "European Womens-ch 2025"]
[Site "Rhodes"]
[Date "2025.04.10"]
[Round "10.8"]
[White "Doluhanova, Evgeniya"]
[Black "Kulon, Klaudia"]
[Result "0-1"]
[Annotator "RC"]
[ECO "D30"]
[WhiteElo "2287"]
[BlackElo "2401"]
[PlyCount "68"]
[EventDate "2025.03.29"]
[EventType "swiss"]
[EventCountry "GRE"]
[SourceTitle "playchess.com"]
[Source "ChessBase"]
[SourceQuality "1"]
[TimeControl "40/5400+30:1800+30"]

1. c4 e6 2. d4 d5 3. a3 c6 4. cxd5 exd5 5. Qc2 Bd6 6. Nc3 Ne7 7. Bg5 f6 8. Bh4 Nf5 9. Nf3 g5 10. Bg3 g4 11. Nh4 Nxd4 12. Qa4 Be5 13. e3 Nf5 14. O-O-O Nxh4 15. Bxh4 b5 16. Qc2 Be6 17. h3 gxh3 18. f4 Bd6 19. gxh3 a5 20. e4 Bxf4+ 21. Kb1 d4 22. Nxb5 cxb5 23. Bxb5+ Nd7 24. Rxd4 Qb6 25. Qd3 O-O-O 26. Bxd7+ Bxd7 27. Rd1 Be5 28. Qc2+ Bc6 29. Rd5 Qc7 30. Qe2 Bxd5 31. Rc1 Ba2+ 32. Kxa2 Qxc1 33. Qa6+ Kd7 34. Qb7+ Qc7 0-1

[Event "European Womens-ch 2025"]
[Site "Rhodes"]
[Date "2025.04.10"]
[Round "10.9"]
[White "Milliet, Sophie"]
[Black "Urh, Zala"]
[Result "1/2-1/2"]
[Annotator "RC"]
[ECO "D85"]
[WhiteElo "2371"]
[BlackElo "2244"]
[PlyCount "126"]
[EventDate "2025.03.29"]
[EventType "swiss"]
[EventCountry "GRE"]
[SourceTitle "playchess.com"]
[Source "ChessBase"]
[SourceQuality "1"]
[TimeControl "40/5400+30:1800+30"]

1. d4 Nf6 2. c4 g6 3. Nc3 d5 4. cxd5 Nxd5 5. e4 Nxc3 6. bxc3 Bg7 7. Nf3 c5 8. Be3 Nc6 9. Qd2 Qa5 10. Rb1 a6 11. Rc1 Bg4 12. d5 Rd8 13. Be2 O-O 14. O-O e6 15. Rfd1 exd5 16. exd5 Rd7 17. Ng5 Bxe2 18. Qxe2 Ne7 19. Qf3 Nf5 20. Qh3 h6 21. Ne4 Re7 22. Nd2 Nxe3 23. fxe3 Bxc3 24. Nb3 Qb4 25. d6 Ree8 26. Qxh6 b6 27. Qg5 Rd8 28. Qd5 c4 29. Na1 Bxa1 30. Rxa1 Rd7 31. e4 Re8 32. Rac1 Qb5 33. Qxc4 Qe5 34. Qa4 Red8 35. Rd5 Qe6 36. Qxa6 Rxd6 37. Rxd6 Qxd6 38. Qc4 Qd4+ 39. Qxd4 Rxd4 40. Rb1 Rxe4 41. Rxb6 Re2 42. a4 Ra2 43. Rb4 Kg7 44. h4 Kh6 45. Kh2 Ra3 46. g3 f5 47. Kg2 Kh5 48. Kf2 Kh6 49. g4 fxg4 50. Rxg4 Kh5 51. Rb4 g5 52. hxg5 Kxg5 53. Ke2 Kf5 54. Kd2 Ke6 55. Kc2 Kd6 56. Kb2 Rh3 57. Rc4 Rh7 58. Kb3 Rc7 59. Rb4 Rc5 60. Rb8 Kc7 61. Rb5 Rxb5+ 62. axb5 Kb6 63. Kc3 Kxb5 1/2-1/2

[Event "European Womens-ch 2025"]
[Site "Rhodes"]
[Date "2025.04.10"]
[Round "10.10"]
[White "Kirtadze, Anastasia"]
[Black "Kiolbasa, Oliwia"]
[Result "1/2-1/2"]
[Annotator "RC"]
[ECO "B90"]
[WhiteElo "2180"]
[BlackElo "2360"]
[PlyCount "103"]
[EventDate "2025.03.29"]
[EventType "swiss"]
[EventCountry "GRE"]
[SourceTitle "playchess.com"]
[Source "ChessBase"]
[SourceQuality "1"]
[TimeControl "40/5400+30:1800+30"]

1. e4 c5 2. Nf3 d6 3. d4 cxd4 4. Nxd4 Nf6 5. Nc3 a6 6. a3 e5 7. Nf5 d5 8. Bg5 d4 9. Bxf6 Qxf6 10. Nd5 Qd8 11. c4 Nc6 12. g4 g6 13. Ng3 Bh6 14. h4 Bf4 15. Qf3 d3 16. Bxd3 Nd4 17. Qd1 Be6 18. Kf1 b5 19. Kg2 Kf8 20. f3 Rc8 21. b3 h5 22. g5 f6 23. Ne2 fxg5 24. Nxd4 Bxd5 25. exd5 exd4 26. Bxg6 gxh4 27. Qd3 Qg5+ 28. Kf1 Kg7 29. Bf5 Rcf8 30. Rg1 Bg3 31. Qxd4+ Kh6 32. Be4 h3 33. Ke2 h2 34. Rg2 h4 35. Rh1 Qf4 36. Rhxh2 bxc4 37. bxc4 Rhg8 38. Rh3 Rb8 39. Rh1 Rb3 40. Rd1 Rgb8 41. Rd2 Rf8 42. Rd3 Rb1 43. Rg1 Rxg1 44. Qxg1 Rb8 45. Rd2 Qf6 46. Qa7 Rb2 47. Qh7+ Kg5 48. Qg8+ Kh6 49. Qh7+ Kg5 50. Qg8+ Kh6 51. Rxb2 Qxb2+ 52. Kd1 1/2-1/2

[Event "European Womens-ch 2025"]
[Site "Rhodes"]
[Date "2025.04.10"]
[Round "10.11"]
[White "Sieber, Fiona"]
[Black "Batsiashvili, Nino"]
[Result "0-1"]
[Annotator "TA"]
[ECO "C70"]
[WhiteElo "2276"]
[BlackElo "2473"]
[PlyCount "58"]
[EventDate "2025.03.29"]
[EventType "swiss"]
[EventCountry "GRE"]
[SourceTitle "playchess.com"]
[Source "ChessBase"]
[SourceQuality "1"]
[TimeControl "40/5400+30:1800+30"]

1. e4 e5 2. Nf3 Nc6 3. Bb5 a6 4. Ba4 Bc5 5. c3 Nge7 6. d4 {[%emt 0:00:23] C70: Ruy Lopez: 3...a6 4 Ba4, Norwegian and Delayed Schliemann.} exd4 7. Nxd4 O-O 8. Be3 {[%emt 0:05:23] The position is equal.} Nxd4 9. Bxd4 Bxd4 10. Qxd4 Ng6 $146 (10... d5 11. Nd2 b5 12. Bc2 Bb7 13. Rd1 Ng6 14. O-O Re8 15. f3 Nf4 16. Rf2 Qg5 {0-1 Fischer,A-Szekely,A HUN-chT (Women) 2005 (2)}) 11. Nd2 d6 12. O-O-O Be6 13. Bc2 b5 14. Nf1 (14. Kb1 $11 {remains equal.}) 14... Bxa2 $17 15. b3 {[%emt 0:14:02] White does not recover from this.} (15. Ne3 $17) 15... c5 $19 16. Qxd6 Qa5 17. Qxc5 {[%emt 0:00:26] [#]} Bxb3 $1 18. Bxb3 {[%emt 0:07:40] [#]} Rac8 $1 19. Qd4 (19. Bxf7+ Kh8 20. Qd4) 19... Rfd8 $1 (19... Rxc3+ 20. Kb2 b4 21. Ra1 $14) 20. Bd5 {[%emt 0:02:37] Hoping for Kb2.} Rxc3+ 21. Kb1 {[%emt 0:02:43] [#]} Rc4 $1 22. Bxc4 Rxd4 23. Bxf7+ Kxf7 (23... Kf8 24. Rxd4 Qe1+ (24... Kxf7 25. Ne3 $17) 25. Kc2 Qxf2+ (25... Kxf7 $2 26. Ng3 $19) 26. Rd2 Qc5+ (26... Qxf7 $2 27. Ng3 $19) 27. Kb1 Kxf7 28. Rb2 $19) 24. Rxd4 Qe1+ 25. Ka2 (25. Kc2 $142 Qxf2+ 26. Rd2 Qc5+ 27. Kd1) 25... Ne5 {[%emt 0:00:47][%cal Oe1c3] ...Qc3! would now be deadly.} 26. f3 Nc4 (26... Qc3 $142 27. f4 Nc4 (27... Qxd4 $2 28. fxe5 b4 29. Ne3 $19) 28. Rxc4 bxc4 (28... Qxc4+ $2 29. Kb2 $19)) 27. Rxc4 bxc4 28. Ng3 Qd2+ 29. Ka1 c3 {[%emt 0:00:18] Weighted Error Value: White=1.18/Black=0.29 (precise)   Mistake:       	White=4     	---        Inaccurate:     	White=2     	---        OK:         	White=6     	Black=8      Best:        	White=1     	Black=3      Strong:       	---       	Black=2      Brilliant:      	---       	Black=1} (29... Qc3+ $142 30. Kb1 Qb3+ 31. Kc1 c3 32. Nf1 Qb2+ 33. Kd1 c2+ (33... Qxg2 $2 34. h4 $19) 34. Ke2 c1=Q+ 35. Kd3 Qcc3#) 0-1

[Event "European Womens-ch 2025"]
[Site "Rhodes"]
[Date "2025.04.10"]
[Round "10.12"]
[White "Avramidou, Anastasia"]
[Black "Beydullayeva, Govhar"]
[Result "1/2-1/2"]
[Annotator "RC"]
[ECO "E53"]
[WhiteElo "2275"]
[BlackElo "2400"]
[PlyCount "142"]
[EventDate "2025.03.29"]
[EventType "swiss"]
[EventCountry "GRE"]
[SourceTitle "playchess.com"]
[Source "ChessBase"]
[SourceQuality "1"]
[TimeControl "40/5400+30:1800+30"]

1. d4 Nf6 2. c4 e6 3. Nc3 Bb4 4. e3 O-O 5. Bd3 d5 6. a3 Bxc3+ 7. bxc3 dxc4 8. Bxc4 c5 9. Nf3 Qc7 10. Be2 b6 11. Bb2 Bb7 12. O-O Nc6 13. c4 Rfd8 14. Qc2 Ne7 15. Ne5 Ng6 16. Nxg6 hxg6 17. Rfd1 cxd4 18. Bxd4 Nd7 19. Qb2 f6 20. Rac1 Kf7 21. h3 Rab8 22. Rd2 Bc6 23. Bc3 Nc5 24. Rcd1 Rxd2 25. Rxd2 Ne4 26. Rd1 Rh8 27. Bf1 Ng5 28. Qb4 Ne4 29. Be1 Qe5 30. f3 Nc5 31. e4 g5 32. Qc3 Qxc3 33. Bxc3 e5 34. Bb4 Ke7 35. Kf2 Rc8 36. Bxc5+ bxc5 37. Rb1 Rd8 38. Ke3 g6 39. Bd3 Kd6 40. Kd2 Rf8 41. Kc3 f5 42. Re1 Ke6 43. Bc2 Rd8 44. Bd3 Kf6 45. Kd2 Rh8 46. Ke3 Ke6 47. Rb1 Rf8 48. Be2 Kd6 49. Rb2 Kc7 50. Rb1 Rf6 51. Bd3 Bd7 52. Kd2 Ra6 53. Ra1 Kd6 54. Kc3 Ke6 55. Bc2 Ke7 56. Bd3 Kf6 57. Kd2 Bc6 58. Ke3 Ra4 59. Kd2 Ra6 60. Ke3 Bd7 61. Kd2 Be6 62. Kc3 g4 63. exf5 gxf5 64. hxg4 fxg4 65. fxg4 Bxg4 66. Be4 Kg5 67. Bd5 Bf5 68. Re1 Kf6 69. Rf1 Kg5 70. Re1 Kf6 71. Rf1 Kg5 1/2-1/2

[Event "European Womens-ch 2025"]
[Site "Rhodes"]
[Date "2025.04.10"]
[Round "10.13"]
[White "Vega Gutierrez, Sabrina"]
[Black "Schneider, Jana"]
[Result "1-0"]
[Annotator "RC"]
[ECO "C45"]
[WhiteElo "2380"]
[BlackElo "2251"]
[PlyCount "77"]
[EventDate "2025.03.29"]
[EventType "swiss"]
[EventCountry "GRE"]
[SourceTitle "playchess.com"]
[Source "ChessBase"]
[SourceQuality "1"]
[TimeControl "40/5400+30:1800+30"]

1. e4 e5 2. Nf3 Nc6 3. d4 exd4 4. Nxd4 Bc5 5. Nb3 Bb4+ 6. c3 Be7 7. g3 d6 8. Bg2 Nf6 9. h3 Be6 10. Nd4 Nxd4 11. cxd4 d5 12. e5 Nd7 13. O-O O-O 14. Qe2 Nb6 15. Nd2 a5 16. f4 Qc8 17. g4 f5 18. exf6 Bxf6 19. Nf3 c5 20. f5 Bd7 21. g5 Bd8 22. dxc5 Nc4 23. Nh4 Qxc5+ 24. Kh1 d4 25. f6 gxf6 26. g6 hxg6 27. Nxg6 Re8 28. Qf2 Ne3 29. Bxe3 dxe3 30. Qh4 Kg7 31. Rg1 e2 32. Ne7 Kf7 33. Qh7+ Ke6 34. Nd5 Bc6 35. Nf4+ Kd6 36. Rad1+ exd1=Q 37. Rxd1+ Bd5 38. Nxd5 Qc2 39. Qxc2 1-0

[Event "European Womens-ch 2025"]
[Site "Rhodes"]
[Date "2025.04.10"]
[Round "10.14"]
[White "Krasteva, Beloslava"]
[Black "Socko, Monika"]
[Result "1/2-1/2"]
[Annotator "RC"]
[ECO "D02"]
[WhiteElo "2257"]
[BlackElo "2369"]
[PlyCount "179"]
[EventDate "2025.03.29"]
[EventType "swiss"]
[EventCountry "GRE"]
[SourceTitle "playchess.com"]
[Source "ChessBase"]
[SourceQuality "1"]
[TimeControl "40/5400+30:1800+30"]

1. d4 d5 2. Nf3 Nf6 3. Bf4 c5 4. e3 Nc6 5. Nbd2 e6 6. c3 Nh5 7. Bg5 f6 8. Bh4 g6 9. Be2 cxd4 10. cxd4 Ng7 11. Bg3 Nf5 12. O-O Nxg3 13. hxg3 Qb6 14. Nb3 Bd6 15. Rc1 O-O 16. a3 Bd7 17. Rc3 Rad8 18. Qd2 Bc8 19. Rfc1 Kh8 20. Nc5 Bxc5 21. Rxc5 Ne7 22. Qb4 Qxb4 23. axb4 a6 24. b5 axb5 25. Bxb5 Nf5 26. Rc7 Nd6 27. Ba4 b5 28. Bd1 Bd7 29. Ne1 Rc8 30. Nd3 Rxc7 31. Rxc7 Bc8 32. Nc5 Rd8 33. Bg4 e5 34. Bxc8 Rxc8 35. Rd7 exd4 36. exd4 Nf5 37. Rxd5 Nxd4 38. Nd3 Ne2+ 39. Kf1 Rc2 40. Rxb5 Nd4 41. Rb4 Nc6 42. Rb6 Ne5 43. Nxe5 fxe5 44. Rb7 Kg8 45. b4 Rb2 46. g4 Kf8 47. f3 h6 48. b5 Ke8 49. b6 g5 50. g3 Kd8 51. Rb8+ Kd7 52. b7 Kc7 53. Rh8 Kxb7 54. Rxh6 e4 55. fxe4 Rb4 56. Rg6 Rxe4 57. Rxg5 Kc6 58. Kf2 Kd6 59. Kf3 Ra4 60. Rf5 Ke6 61. Rf4 Ra3+ 62. Kg2 Ra1 63. Rf1 Ra8 64. Rf2 Ra7 65. Rf8 Ra1 66. Rf5 Ra3 67. Kh3 Ra8 68. Kh4 Rh8+ 69. Kg5 Rg8+ 70. Kh4 Rh8+ 71. Rh5 Rg8 72. Ra5 Rh8+ 73. Kg5 Rg8+ 74. Kf4 Rf8+ 75. Ke4 Rb8 76. Ra6+ Kf7 77. g5 Rb5 78. Kf4 Kg7 79. Kg4 Rb1 80. Ra7+ Kg6 81. Ra6+ Kg7 82. g6 Rc1 83. Kf5 Rc5+ 84. Kf4 Rb5 85. g4 Rc5 86. Re6 Ra5 87. g5 Ra1 88. Rf6 Rf1+ 89. Ke5 Re1+ 90. Kf4 1/2-1/2

[Event "European Womens-ch 2025"]
[Site "Rhodes"]
[Date "2025.04.10"]
[Round "10.15"]
[White "Khurtsilava, Inga"]
[Black "Mammadova, Gulnar"]
[Result "0-1"]
[Annotator "ChessBase"]
[ECO "A22"]
[WhiteElo "2214"]
[BlackElo "2342"]
[PlyCount "78"]
[EventDate "2025.03.29"]
[EventType "swiss"]
[EventCountry "GRE"]
[SourceTitle "playchess.com"]
[Source "ChessBase"]
[SourceQuality "1"]
[TimeControl "40/5400+30:1800+30"]

1. c4 Nf6 2. Nc3 e5 3. g3 Bb4 4. Bg2 O-O 5. e4 c6 6. Nge2 d6 7. O-O Be6 8. d3 Qd7 9. Bg5 Ne8 10. Be3 f5 11. exf5 Bxf5 12. d4 Nf6 13. dxe5 dxe5 14. Qb3 Na6 15. Rad1 Qf7 16. Na4 Be6 17. Rc1 b5 18. Nac3 Bxc4 19. Qc2 Bxc3 20. bxc3 Qh5 21. f3 Nd5 22. Bf2 Rxf3 23. Bxf3 Qxf3 24. Qd2 Bxe2 25. Rfe1 Bd3 26. Rxe5 Be4 27. Rxe4 Qxe4 28. Re1 Qf5 29. Bd4 Nac7 30. Rf1 Qg6 31. Bc5 Ne6 32. Qf2 Nxc5 33. Qxc5 h6 34. a3 Qe6 35. h4 Qe3+ 36. Qxe3 Nxe3 37. Rf4 Nd5 38. Rf3 Re8 39. Kf2 Rf8 0-1

[Event "European Womens-ch 2025"]
[Site "Rhodes"]
[Date "2025.04.10"]
[Round "10.16"]
[White "Brunello, Marina"]
[Black "Zherebtsova, Alexandra"]
[Result "1-0"]
[Annotator "ChessBase"]
[ECO "A14"]
[WhiteElo "2330"]
[BlackElo "2229"]
[PlyCount "55"]
[EventDate "2025.03.29"]
[EventType "swiss"]
[EventCountry "GRE"]
[SourceTitle "playchess.com"]
[Source "ChessBase"]
[SourceQuality "1"]
[TimeControl "40/5400+30:1800+30"]

1. Nf3 Nf6 2. c4 e6 3. g3 d5 4. Bg2 Be7 5. O-O O-O 6. b3 d4 7. e3 c5 8. Ne5 Qc7 9. f4 Nbd7 10. Nd3 e5 11. Nf2 Bd6 12. f5 Rb8 13. e4 b5 14. d3 bxc4 15. bxc4 Nb6 16. g4 Nfd7 17. g5 f6 18. h4 Qd8 19. Qh5 Qe7 20. g6 h6 21. Ng4 Rd8 22. Bxh6 Kf8 23. Bd2 Ke8 24. Qh8+ Qf8 25. Qh7 Qe7 26. Bh6 gxh6 27. g7 Nf8 28. Qh8 1-0

[Event "European Womens-ch 2025"]
[Site "Rhodes"]
[Date "2025.04.10"]
[Round "10.17"]
[White "Zawadzka, Jolanta"]
[Black "Velikic, Adela"]
[Result "1-0"]
[Annotator "ChessBase"]
[ECO "A17"]
[WhiteElo "2326"]
[BlackElo "2214"]
[PlyCount "71"]
[EventDate "2025.03.29"]
[EventType "swiss"]
[EventCountry "GRE"]
[SourceTitle "playchess.com"]
[Source "ChessBase"]
[SourceQuality "1"]
[TimeControl "40/5400+30:1800+30"]

1. Nf3 d5 2. e3 Nf6 3. c4 e6 4. Nc3 a6 5. b3 b6 6. cxd5 exd5 7. Bb2 Bb7 8. d4 Bd6 9. Bd3 O-O 10. O-O Re8 11. Ne2 Ne4 12. Ng3 Nxg3 13. hxg3 Nd7 14. Rc1 Nf6 15. Ne5 Ne4 16. Qc2 Qg5 17. Bxe4 dxe4 18. Nc4 Bf8 19. Ba3 Re6 20. Bxf8 Rxf8 21. Qe2 Rh6 22. Ne5 c5 23. Qg4 Qe7 24. Rfd1 cxd4 25. exd4 Rd8 26. Qf4 Rf6 27. Qh4 Qd6 28. Nc4 Qd7 29. Ne3 Rd6 30. g4 Rg6 31. Qg3 Qd6 32. Nf5 Qa3 33. Qc7 Re8 34. Qxb7 Rxg4 35. Rc8 Qf8 36. Rdc1 1-0

[Event "European Womens-ch 2025"]
[Site "Rhodes"]
[Date "2025.04.10"]
[Round "10.18"]
[White "Zhukova, Natalia"]
[Black "Abdinova, Narmin"]
[Result "1-0"]
[Annotator "ChessBase"]
[ECO "A13"]
[WhiteElo "2306"]
[BlackElo "2165"]
[PlyCount "46"]
[EventDate "2025.03.29"]
[EventType "swiss"]
[EventCountry "GRE"]
[SourceTitle "playchess.com"]
[Source "ChessBase"]
[SourceQuality "1"]
[TimeControl "40/5400+30:1800+30"]

1. Nf3 d5 2. e3 Nf6 3. c4 e6 4. Nc3 Be7 5. b3 O-O 6. Bb2 c5 7. cxd5 exd5 8. d4 Nc6 9. Be2 Ne4 10. dxc5 Bf6 11. Rc1 Qa5 12. Nd4 Nxd4 13. exd4 Bg5 14. Rc2 Bf5 15. Bd3 Bf6 16. O-O Bxd4 17. Nxd5 Bxc5 18. b4 Qxa2 19. Bc4 Nc3 20. Rxc3 Qxb2 21. bxc5 Rad8 22. Rb3 Qa2 23. Qc1 Bd3 1-0